cohdb
Replays
Latest Replays
All Replays
Popular Replays
Top Player Replays
Match Explorer
How It Works
Community
CoH3 Stats
Reddit
Sign in to upload your games and track your stats! →
Sign in with Steam
Match 31894463
Unlisted
Match 31894463
Overview
Messages
Build Orders
End
Construct Barracks
Riflemen Squad
Riflemen Squad
Riflemen Squad
Grenade Package
Construct Weapon Support Center
M1919 Machine Gun Team
Infantry Support Center
M3 Armored Personnel Carrier
Selects Advanced Infantry Battlegroup
Selects Convert to Ranger Squad
Selects Designate Assault Position
M1918 Browning Automatic Rifles
Bazooka Squad
Construct Motor Pool
Engineer Squad
M1 Anti-tank Gun Team
Designate Assault Position
Riflemen Squad
M8 Greyhound Armored Car
Construct Tank Depot
Selects Infantry Assault
Engineer Squad
Infantry Assault
M18 Hellcat Tank Destroyer
.30 cal Machine Gun
Selects Artillery Observers
Selects M2A1 105mm Howitzer Emplacement
M4(105) Sherman Bulldozer
Engineer Squad
Infantry Assault
Selects Free Fire Drills
Riflemen Squad
Infantry Assault
[EASY] CLUBs37
Autismus
DebaKLe
Goradan
Nyu
6scarab
0
0
Comments
sign in to comment!
No comments posted yet!